 Dungeon Crawl Stone Soup version 0.19.3 (webtiles) character file.

100 Alarkh the Conjurer (level 4, -6/33 HPs)
             Began as a Ghoul Conjurer on Jan 23, 2017.
             Mangled by Menkaure (18 damage)
             ... on level 4 of the Dungeon.
             The game lasted 00:03:44 (2780 turns).

Alarkh the Conjurer (Ghoul Conjurer)                Turns: 2780, Time: 00:03:45

Health: -6/33      AC:  4    Str: 11    XL:     4   Next: 74%
Magic:  0/7        EV: 12    Int: 11    God:
Gold:   192        SH:  0    Dex:  9    Spells: 2 memorised, 6 levels left

rFire  . . .     SeeInvis .     d - +1 dagger (speed)
rCold  + + .     Gourm    .     a - +0 robe
rNeg   + + +     Faith    .     (no shield)
rPois  ∞         Spirit   .     f - +0 helmet
rElec  .         Reflect  .     (no cloak)
rCorr  .         Harm     .     (no gloves)
MR     .....                    p - +0 pair of boots
Stlth  ++........               (no amulet)
                                (no ring)
                                j - ring of protection from cold

@: rotting
A: rotting body, claws 1, carnivore 3, cold resistance 1, negative energy
resistance 3, slow regeneration 1, torment resistance, unbreathing
a: no special abilities


You were on level 4 of the Dungeon.
You were not hungry.

You visited 1 branch of the dungeon, and saw 4 of its levels.

You collected 192 gold pieces.

Inventory:

Hand Weapons
 d - a +1 dagger of speed (weapon)
Armour
 a - a +0 robe (worn)
 f - a +0 helmet (worn)
 p - a +0 pair of boots (worn)
Jewellery
 j - a ring of protection from cold (left claw)
Scrolls
 e - a scroll of identify
 g - a scroll of enchant weapon {unknown}
 i - a scroll of teleportation {unknown}
 k - a scroll of noise {unknown}
 m - a scroll of magic mapping {unknown}
Potions
 h - a potion of mutation
 l - a potion of heal wounds
 o - 2 potions of curing
 q - 2 potions of invisibility {unknown}
Books
 b - a book of Conjurations

   Spells                             Type                      Level
   a - Magic Dart                     Conjuration                  1
   b - Searing Ray                    Conjuration                  2
   c - Dazzling Spray                 Conjuration/Hexes            3
   d - Fulminant Prism                Conjuration/Hexes            4
   e - Iskenderun's Mystic Blast      Conjuration                  4
   f - Iskenderun's Battlesphere      Conjuration/Charms           5
Comestibles
 c - 2 meat rations
 n - a beef jerky


   Skills:
 - Level 1.7 Dodging
 - Level 2.1 Stealth
 + Level 3.0 Spellcasting
 + Level 4.2 Conjurations


You had 6 spell levels left.
You knew the following spells:

 Your Spells              Type           Power        Failure   Level  Hunger
a - Magic Dart            Conj           ##..         4%          1    #......
b - Searing Ray           Conj           ##....       10%         2    ###....


Dungeon Overview and Level Annotations

Branches:
Dungeon (4/15)
 Temple: D:4-7

Altars:
Hepliaklqana

Annotations:
D:1 1 runed door
D:4 Menkaure


Innate Abilities, Weirdness & Mutations

Your body is rotting away.
You thrive on raw meat.
You are immune to poison.
You have sharp fingernails.
You are carnivorous and can eat meat at any time.
Your flesh is cold resistant. (rC+)
You are immune to negative energy. (rN+++)
You regenerate slowly when monsters are visible.
You are immune to unholy pain and torment.
You can survive without breathing.


Message History

Menkaure seems to speed up.
Casting: Searing Ray
Confirm with . or Enter, or press ? or * to list all spells.
Aiming: Magic Dart
Press: ? - help, Shift-Dir - straight line, f/p - Menkaure
Aim: Menkaure (severely damaged, fast)
The magic dart hits Menkaure.
Menkaure is severely damaged.
Menkaure hits you!!
Ouch! That really hurt!
Casting: Magic Dart
Confirm with . or Enter, or press ? or * to list all spells.
Aiming: Magic Dart
Press: ? - help, Shift-Dir - straight line, f/p - Menkaure
Aim: Menkaure (severely damaged, fast)
The magic dart hits Menkaure.
Menkaure is severely damaged.
Menkaure hits you!!
Ouch! That really hurt!
You die...

#.# #.# #.# #.# #.# #.# #.#
#(# #.###### #.# #.#....###
#.# #.#.#....###.#
#.#.#......#.#
#.#[......<#@#
#.##.......#M#
###.##.#'#...#a############
#...≈≈######.'.............
###...≈## ###.############
..#...≈# #..####.....#
..#>..≈# #....a'......
..#...≈# #######.....#
..#....+ ....#


You could see Menkaure and a worker ant.

Vanquished Creatures
  3 adders
  An ooze (D:2)
  5 dart slugs
  4 leopard geckos
  An orc (D:3)
  A ball python (D:2)
  4 bats
  7 giant cockroaches
  3 goblins
  7 hobgoblins
  3 jackals (D:1)
  2 frilled lizards
  6 kobolds
  5 rats
52 creatures vanquished.

Notes
Turn   | Place    | Note
-------+----------+-------------------------------------------
     0 | D:1      | Alarkh the Ghoul Conjurer began the quest for the Orb.
     0 | D:1      | Reached XP level 1. HP: 14/14 MP: 2/2
     0 | D:1      | Noticed a jelly
     1 | D:1      | Found a runed door.
   423 | D:1      | Reached XP level 2. HP: 18/18 MP: 0/4
   516 | D:1      | You fall through a shaft!
   553 | D:2      | Learned a level 2 spell: Searing Ray
   653 | D:2      | Found a hazy altar of Hepliaklqana.
   684 | D:2      | Reached XP level 3. HP: 22/25 MP: 0/5
  1256 | D:2      | Reached XP level 4. HP: 28/33 MP: 5/7
  1279 | D:2      | Reached skill level 4 in Conjurations
  2764 | D:4      | Noticed Menkaure
  2780 | D:4      | Mangled by Menkaure

Skill      XL: |  1  2  3  4 |
---------------+-------------+-----
Spellcasting   | 2 3 |  3.0
Conjurations   | 4 |  4.2
Dodging        | |  1.7
Stealth        | |  2.1

Action                   |  1- 3 |  4- 6 || total
-------------------------+-------+-------++-------
Melee: Dagger            |   104 |    15 ||   119
       Unarmed           |     7 |       ||     7
 Cast: Magic Dart        |    51 |    55 ||   106
       Searing Ray       |       |     1 ||     1
  Use: Scroll            |       |     3 ||     3
       Potion            |       |     1 ||     1
 Stab: Sleeping          |     1 |       ||     1
  Eat: Chunk             |     3 |     5 ||     8
Armor: Robe              |    28 |     7 ||    35
Dodge: Dodged            |    70 |    18 ||    88
